 Dungeon Crawl Stone Soup version 0.31-a0-868-g674d60d6f7 (webtiles) character file.

Game seed: 17334264718137332251

28313 Xavori the Slicer (level 13, -9/86 (89) HPs)
             Began as an Octopode Chaos Knight on Oct 11, 2023.
             Was a Plaything of Xom.
             Engulfed by a cloud of spectral mist (10 damage)
             ... on level 3 of the Lair of Beasts.
             The game lasted 00:19:05 (22144 turns).

Xavori the Slicer (Octopode Chaos Knight)          Turns: 22144, Time: 00:19:05

HP:   -9/86 (89)    AC:  3    Str: 21      XL:     13   Next: 38%
MP:   13/13         EV: 16    Int: 13 (14) God:    Xom [....*.]
Gold: 724           SH: 11    Dex: 15      Spells: 12/12 levels left

rFire   . . .        g - +8 Vampire's Tooth {megavamp}
rCold   . . .        s - +1 kite shield
rNeg    . . .        (helmet restricted)
rPois   +            (no amulet)
rElec   +            z - ring of poison resistance
rCorr   +            C - +6 ring of strength
SInv    .            t - ring of resist corrosion
Will    .....        (no ring)
Stlth   ++++++       (no ring)
HPRegen 0.34/turn    (no ring)
MPRegen 0.13/turn    (no ring)
                     (no ring)

%: clarity
@: about to teleport, marked, lightly drained
A: almost no armour, amphibious, 8 rings, camouflage 1, gelatinous body 1,
(nimble swimmer 1), tentacles, tentacle spike 1, iridescent scales 1, clarity,
deterioration 1, mutation resistance 2, electricity resistance, strong 1, wild
magic 1, inability to drink after injury 1, MP-powered wands
a: Renounce Religion


You were on level 3 of the Lair of Beasts.
You worshipped Xom.
You were a beloved toy of Xom.
You visited 2 branches of the dungeon, and saw 14 of its levels.

You collected 914 gold pieces.
You spent 190 gold pieces at shops.

Inventory:

Hand Weapons
 g - the +8 Vampire's Tooth (weapon) {megavamp}
   (Xom gifted it to you on level 1 of the Dungeon)
Armour
 s - a +1 kite shield (worn)
Jewellery
 t - a ring of resist corrosion (on tentacle)
 z - a ring of poison resistance (left tentacle)
 B - a ring of flight
 C - a +6 ring of strength (right tentacle)
 F - a ring of ice
Talismans
 h - a storm talisman
Wands
 j - a wand of paralysis (20)
 r - a wand of flame (60)
 u - a wand of roots (15)
 w - a wand of polymorph (17)
Scrolls
 a - 5 scrolls of teleportation
 b - 3 scrolls of butterflies
 f - 3 scrolls of enchant weapon
 i - 4 scrolls of amnesia
 k - a scroll of fear
 l - a scroll of fog
 o - 3 scrolls of poison
 v - a scroll of vulnerability
 H - a scroll of identify
Potions
 c - 7 potions of curing
 d - 2 potions of lignification {unknown}
 e - a potion of haste {unknown}
 m - 2 potions of degeneration {unknown}
 n - 4 potions of might
 p - 4 potions of ambrosia
 q - 2 potions of cancellation
 A - 3 potions of enlightenment
 D - a potion of berserk rage {unknown}
 E - a potion of magic {unknown}
 G - 2 potions of mutation {unknown}
 I - a potion of invisibility {unknown}
Miscellaneous
 x - a condenser vane


   Skills:
 + Level 8.4 Fighting
 + Level 13.6 Short Blades
 + Level 8.1 Dodging
 + Level 12.6 Stealth
 + Level 6.8 Shields
 * Level 7.0 Evocations
 * Level 5.9 Shapeshifting


You had 12 spell levels left.
You didn't know any spells.
Your spell library contained the following spells:

 Spells                   Type           Power      Damage    Failure   Level
 Apportation              Tloc           0%         N/A       63%         1
 Magic Dart               Conj           0%         1d3       63%         1
 Necrotise                Necr           0%         1d4       63%         1
 Summon Small Mammal      Summ           0%         N/A       63%         1
 Call Imp                 Summ           0%         N/A       75%         2
 Dazzling Flash           Conj/Hex       0%         N/A       92%         3
 Mephitic Cloud           Conj/Pois/Air  0%         N/A       92%         3
 Summon Guardian Golem    Hex/Summ       0%         N/A       92%         3
 Agony                    Necr           0%         N/A       100%        5
 Silence                  Hex/Air        0%         N/A       100%        5
 Conjure Ball Lightning   Conj/Air       0%         3x3d6     100%        6
 Orb of Destruction       Conj           0%         9d5       100%        7
 Spellforged Servitor     Conj/Summ      0%         N/A       100%        7
 Discord                  Hex            0%         N/A       100%        8
 Disjunction              Tloc           0%         N/A       100%        8


Dungeon Overview and Level Annotations

Branches:
Dungeon (11/15)            Temple (0/1) D:7            Lair (3/5) D:10
 Spider (0/4) Lair:3          Orc (0/2) D:11
  Swamp: Lair:2-3    Shoals: Lair:2-3

Altars:
Ashenzari
Elyvilon
Gozag
Sif Muna
Uskayaw
Vehumet
Wu Jian
Xom

Shops:
D:2 *   D:4 *   D:6 (   D:8 :*   D:10 *


Innate Abilities, Weirdness & Mutations

You cannot wear most types of armour.
You are amphibious.
You can wear up to eight rings at the same time.
Your skin changes colour to match your surroundings (Stealth+).
Your rubbery body absorbs attacks. (AC +1, EV +1)
((You are camouflaged when in or above water. (Stealth+)))
You have tentacles for arms and can constrict up to eight enemies at once.
One of your tentacles bears a spike.
You are partially covered in iridescent scales. (AC +2)
You possess an exceptional clarity of mind.
Your body sometimes deteriorates upon taking damage.
You are somewhat resistant to both further mutation and mutation removal.
You are resistant to electric shocks. (rElec)
Your muscles are strong. (Str +4, Int/Dex -1)
Your spells are a little harder to cast, but a little more powerful.
You occasionally lose the ability to drink potions when taking damage.
You expend magic power (3 MP) to strengthen your wands.


Message History

You hit the ghost crab but do no damage.
The ghost crab is moderately damaged.
You constrict the ghost crab.
The ghost crab breathes spectral mist at you.
The spectral mist engulfs you but does no damage.
The spectral death yak barely misses you.
You hit the ghost crab.
You pierce the ghost crab.
You hit the ghost crab but do no damage.
You pierce the ghost crab.
You squeeze the ghost crab, but do no damage.
The ghost crab is severely damaged.
You are engulfed in spectral mist.
You constrict the ghost crab.
Unknown command.
You hit the ghost crab. You squeeze the ghost crab! You hit the ghost crab.
You pierce the ghost crab.
You destroy the ghost crab!
You are engulfed in spectral mist.
The spectral death yak gores you.
Your life force feels restored.
Your Evocations skill increases to level 7!
Unknown command.
You puncture the spectral death yak!
You hit the spectral death yak but do no damage.
You pierce the spectral death yak.
The spectral death yak is moderately damaged.
You are engulfed in spectral mist.
The spectral death yak gores you!
* * * LOW HITPOINT WARNING * * *
You feel drained.
* * * LOW HITPOINT WARNING * * *
Unknown command.
You feel better.
You are engulfed in spectral mist.
* * * LOW HITPOINT WARNING * * *
The spectral death yak gores you but does no damage.
As you read the scroll of teleportation, it crumbles to dust.
You feel strangely unstable.
You are engulfed in spectral mist.
* * * LOW HITPOINT WARNING * * *
Your body deteriorates!
You feel dopey.
The spectral death yak barely misses you.
You are engulfed in spectral mist.
You die...
Xom giggles madly!

..#..###..8..........##
..#### ##..#........#
.#### +##....P#..##
.#..# ....####.# ....##
#### ###.## #5...# ♣♣
#....# #..#P#
♣♣♣♣~♣♣♣♣P.## #.§###
♣...~○♣♣♣♣.# .##.#
♣@○°...# 5#### ♣.Z°○..#
## ♣..~...# ..........#
#### ..~..♣♣♣♣♣## #
#..### ♣♣.♣♣♣ ###
#....###♣♣ ###
..####......######.#
...##P.........÷..##


You could see a spectral death yak.

Vanquished Creatures
  2 hydras (Lair:3)
  A ghost crab (Lair:3)
  A two-headed ogre (D:9)
  A skyshark (Lair:1)
  Pikel (D:8)
  A wolf spider (Lair:3)
  10 elephants (Lair:2)
  4 black mambas
  3 cane toads
  Maggie (Lair:2)
  3 gargoyles
  4 komodo dragons
  A kobold demonologist (D:9)
  A troll (D:9)
  3 polar bears
  A dream sheep (shapeshifter) (Lair:2)
  Sigmund (D:2)
  A spectral black mamba (Lair:3)
  A wraith (D:10)
  31 yaks
  6 wyverns
  3 basilisks
  An unseen horror simulacrum (D:8)
  6 water moccasins
  An acid dragon (D:10)
  Duvessa (D:6)
  7 ice beasts
  4 orc warriors
  2 black bears
  26 wolves
  2 lemures (D:8)
  2 phantoms
  8 bullfrogs
  4 kobold brigands
  A gnoll sergeant (D:6)
  10 scorpions
  Dowan (D:6)
  11 killer bees (D:8)
  2 howler monkeys
  11 electric eels
  4 hounds
  A gnoll bouda (D:8)
  9 orc priests
  3 jellies
  2 sleepcaps
  Terence (D:2)
  5 iguanas
  9 orc wizards
  A centaur simulacrum (D:8)
  A killer bee simulacrum (D:8)
  Robin (D:3)
  12 gnolls
  12 adders
  4 white imps (D:8)
  A howler monkey simulacrum (D:8)
  4 ufetubi
  A worm (D:2)
  5 dart slugs
  23 orcs
  5 ball pythons
  5 endoplasms
  3 giant cockroaches
  18 goblins
  12 hobgoblins
  3 jackals (D:3)
  18 kobolds
  5 quokkas
  12 bats
  4 frilled lizards
  3 rats (D:1)
368 creatures vanquished.

Vanquished Creatures (collateral kills)
  Gastronok (Lair:3)
  A scorpion (D:7)
2 creatures vanquished.

Vanquished Creatures (others)
  A scorpion (D:7)
1 creature vanquished.

Grand Total: 371 creatures vanquished

Notes
Turn   | Place    | Note
-------+----------+-------------------------------------------
     0 | D:1      | Xavori the Octopode Chaos Knight began the quest for the
                  | Orb.
     0 | D:1      | Reached XP level 1. HP: 16/16 MP: 1/1
    76 | D:1      | XOM: divination: detect items
   130 | D:1      | Reached XP level 2. HP: 21/21 MP: 2/2
   587 | D:1      | Reached XP level 3. HP: 26/26 MP: 3/3
  1226 | D:1      | XOM: summons 2 hostile demons
  1233 | D:2      | Noticed Sigmund
  1233 | D:2      | XOM: 5-stop teleportation journey
  1239 | D:2      | XOM: summons 3 friendly demons
  1242 | D:2      | Killed Sigmund
  1243 | D:2      | Reached skill level 4 in Short Blades
  1243 | D:2      | Reached XP level 4. HP: 14/33 MP: 4/4
  1243 | D:2      | Reached XP level 5. HP: 15/37 MP: 5/5
  1410 | D:2      | Noticed Terence
  1413 | D:2      | Killed Terence
  1414 | D:2      | Reached XP level 6. HP: 43/43 MP: 6/6
  1425 | D:2      | XOM: 9-stop teleportation journey
  1502 | D:2      | Found Archoh's Assorted Antiques.
  1641 | D:1      | XOM: give mutation
  1641 | D:1      | Gained mutation: Your body sometimes deteriorates upon
                  | taking damage. [Xom's mischief]
  2167 | D:1      | XOM: noise
  2410 | D:1      | XOM: summons 2 hostile shadow creatures
  3004 | D:1      | XOM: give mutations
  3004 | D:1      | Gained mutation: You occasionally shout uncontrollably at
                  | your foes. [Xom's mischief]
  3004 | D:1      | Gained mutation: Your system is resistant to poisons.
                  | (rPois) [Xom's mischief]
  3236 | D:1      | XOM: give mutations
  3236 | D:1      | Gained mutation: You possess an exceptional clarity of
                  | mind. [Xom's grace]
  3236 | D:1      | Gained mutation: Your muscles are strong. (Str +4, Int/Dex
                  | -1) [Xom's grace]
  3281 | D:1      | XOM: divination: magic mapping
  3299 | D:1      | XOM: god gift: +8 Vampire's Tooth {megavamp}
  3300 | D:1      | Found the +8 Vampire's Tooth {megavamp}
  3473 | D:2      | XOM: give mutations
  3473 | D:2      | Gained mutation: You are partially covered in iridescent
                  | scales. (AC +2) [Xom's grace]
  3473 | D:2      | Gained mutation: You are resistant to electric shocks.
                  | (rElec) [Xom's grace]
  3473 | D:2      | Gained mutation: One of your tentacles bears a spike.
                  | [Xom's grace]
  3473 | D:2      | Gained mutation: You are partially covered in large bone
                  | plates. (SH +4) [Xom's grace]
  3749 | D:2      | XOM: give mutation
  3749 | D:2      | Gained mutation: You are robust. (+10% HP) [Xom's grace]
  3868 | D:3      | XOM: god gift: scroll labelled NUBROE WECLE {god gift}
  3922 | D:3      | XOM is BORED!
  3922 | D:3      | XOM: summons 4 hostile demons
  3987 | D:3      | You fall into a shaft and drop 3 floors!
  4010 | D:5      | Entered Level 5 of the Dungeon
  4011 | D:5      | XOM: enchant monster (good)
  4015 | D:5      | Reached skill level 5 in Short Blades
  4027 | D:5      | Reached XP level 7. HP: 53/53 MP: 7/7
  4193 | D:3      | XOM: smoke on damage
  4234 | D:3      | Found a hide-covered altar of Uskayaw.
  4372 | D:3      | Noticed Robin
  4378 | D:3      | Killed Robin
  4390 | D:3      | Found an ornate altar of the Wu Jian Council.
  4649 | D:4      | Reached skill level 6 in Short Blades
  4842 | D:4      | Found Kiobb's Assorted Antiques.
  4851 | D:4      | Bought a dark potion for 19 gold pieces
  4851 | D:4      | Bought a scroll labelled KIKOMU BEGOWK for 22 gold pieces
  4863 | D:4      | XOM: divination: detect items
  5092 | D:4      | Reached skill level 5 in Stealth
  5166 | D:4      | Found a white marble altar of Elyvilon.
  5723 | D:5      | Reached XP level 8. HP: 59/59 MP: 8/8
  5751 | D:5      | Reached skill level 5 in Fighting
  5751 | D:5      | Reached skill level 7 in Short Blades
  5797 | D:5      | XOM: confuse monster(s)
  6350 | D:6      | Reached skill level 1 in Shields
  6385 | D:6      | Found Cumuoj's Weapon Emporium.
  6394 | D:6      | XOM: enchant monster (bad)
  6407 | D:6      | Reached skill level 8 in Short Blades
  6441 | D:6      | Noticed Duvessa
  6442 | D:6      | Noticed Dowan
  6450 | D:6      | Killed Duvessa
  6451 | D:6      | Killed Dowan
  6452 | D:6      | Reached XP level 9. HP: 67/67 MP: 9/9
  6472 | D:6      | XOM: 3-stop teleportation journey
  6475 | D:6      | XOM: polymorph black bear -> wyvern
  6501 | D:6      | XOM: silly message
  6523 | D:6      | XOM: silly message
  6868 | D:7      | Reached skill level 9 in Short Blades
  6947 | D:7      | XOM: summons 4 hostile shadow creatures
  6967 | D:7      | XOM: divination: detect items
  7005 | D:7      | Found a staircase to the Ecumenical Temple.
  7027 | D:7      | XOM: cast spell 'Discord'
  7029 | D:7      | Reached skill level 5 in Dodging
  7186 | D:7      | Found a shimmering altar of Xom.
  7382 | D:7      | XOM: give mutations
  7382 | D:7      | Lost mutation: Your system is resistant to poisons. (rPois)
                  | [Xom's mischief]
  7382 | D:7      | Lost mutation: You are robust. (+10% HP) [Xom's mischief]
  7382 | D:7      | Lost mutation: You are partially covered in iridescent
                  | scales. (AC +2) [Xom's mischief]
  7382 | D:7      | Gained mutation: You have a pair of small antennae on your
                  | head. [Xom's mischief]
  7407 | D:7      | Identified the +4 mace "Mibac" {pain, *Slow rC+++ rN+++
                  | Dex-4}
  7594 | D:7      | Found a shimmering blue altar of Sif Muna.
  7689 | D:8      | Noticed Pikel
  7698 | D:8      | Killed Pikel
  7699 | D:8      | Reached skill level 10 in Short Blades
  7706 | D:8      | Reached XP level 10. HP: 59/68 MP: 10/10
  7715 | D:8      | Found Hoabuoxt's Book Shoppe.
  7880 | D:8      | XOM: enchant monster (good)
  7882 | D:8      | XOM: cast spell 'Call Canine Familiar'
  8052 | D:7      | XOM: god gift: dark potion {god gift}
  8075 | D:8      | XOM: cast spell 'Olgreb's Toxic Radiance'
  8094 | D:8      | XOM: summons 3 friendly demons
  8198 | D:8      | XOM: noise
  8283 | D:8      | XOM: butterfly on damage
  8306 | D:8      | XOM: scenery: create altars
  8427 | D:8      | Noticed a six-headed hydra
  8427 | D:8      | Noticed a boulder beetle
  8429 | D:8      | Noticed a centaur warrior
  8429 | D:8      | Noticed a six-headed hydra
  8430 | D:8      | Noticed a seven-headed hydra
  8430 | D:8      | Noticed a centaur warrior
  8441 | D:8      | Noticed a four-headed hydra
  8441 | D:8      | Noticed a skeletal warrior
  8453 | D:8      | Found a radiant altar of Vehumet.
  8585 | D:8      | Found Bolesug's General Store.
  8592 | D:8      | XOM: confuse monster(s)
  8593 | D:8      | Reached skill level 11 in Short Blades
  8598 | D:8      | Reached skill level 1 in Evocations
  8601 | D:8      | Reached skill level 1 in Shapeshifting
  8606 | D:8      | Found Amuvus's Specific Store.
  8612 | D:8      | Bought a scroll of blinking for 97 gold pieces
  8710 | D:8      | XOM: give mutation
  8710 | D:8      | Gained mutation: You have hidden genetic defects. [Xom's
                  | mischief]
  8778 | D:8      | XOM is BORED!
  8778 | D:8      | XOM: noise
  8933 | D:9      | Noticed a kobold demonologist
  8940 | D:9      | Killed a kobold demonologist
  9015 | D:9      | Reached XP level 11. HP: 74/74 MP: 11/11
  9033 | D:9      | Gained mutation: You occasionally lose the ability to drink
                  | potions when taking damage. [hidden defects]
  9212 | D:9      | Found a broken altar of Ashenzari.
  9267 | D:9      | Noticed a two-headed ogre
  9277 | D:9      | Killed a two-headed ogre
  9278 | D:9      | Reached skill level 10 in Stealth
  9422 | D:9      | XOM: god gift: condenser vane
  9688 | D:9      | XOM: give mutation
  9688 | D:9      | Gained mutation: Your muscles are very strong. (Str +8,
                  | Int/Dex -2) [Xom's grace]
  9724 | D:9      | XOM: god gift: silver ring {god gift}
  9770 | D:9      | XOM: give mutations
  9770 | D:9      | Lost mutation: You have a pair of small antennae on your
                  | head. [Xom's mischief]
  9770 | D:9      | Lost mutation: You are partially covered in large bone
                  | plates. (SH +4) [Xom's mischief]
  9770 | D:9      | Lost mutation: Your muscles are very strong. (Str +8,
                  | Int/Dex -2) [Xom's mischief]
  9840 | D:9      | XOM: give mutations
  9840 | D:9      | Gained mutation: Your spells are a little harder to cast,
                  | but a little more powerful. [Xom's grace]
  9840 | D:9      | Lost mutation: You have hidden genetic defects. [Xom's
                  | grace]
  9840 | D:9      | Gained mutation: You are somewhat resistant to further
                  | mutation. [Xom's grace]
 10000 | D:10     | Entered Level 10 of the Dungeon
 10065 | D:10     | Identified the +10 plate armour of Pabefer {rC+ Regen+
                  | Slay+3}
 10152 | D:10     | Found a staircase to the Lair.
 10228 | D:10     | XOM is BORED!
 10314 | D:10     | Found an opulent altar of Gozag.
 10352 | D:10     | Reached skill level 12 in Short Blades
 10442 | D:10     | Reached skill level 5 in Shields
 10464 | D:10     | Found Fusugoeho's Assorted Antiques.
 10470 | D:10     | Bought a bubbling green potion for 26 gold pieces
 10470 | D:10     | Bought a fuming sapphire potion for 26 gold pieces
 10648 | D:10     | XOM: scenery: create altars
 10983 | D:11     | Found a staircase to the Orcish Mines.
 11091 | D:11     | XOM: 1-stop teleportation journey
 11178 | Lair:1   | Entered Level 1 of the Lair of Beasts
 11204 | Lair:1   | XOM: cleaving
 11330 | Lair:1   | XOM: confuse monster(s)
 12012 | Lair:2   | Reached XP level 12. HP: 81/81 MP: 12/12
 12153 | Lair:2   | XOM: confuse monster(s)
 12400 | Lair:2   | Noticed a skyshark
 12679 | Lair:1   | XOM: divination: detect creatures
 12739 | D:10     | XOM: draining
 13005 | Lair:1   | Killed a skyshark
 13006 | Lair:1   | Reached skill level 13 in Short Blades
 13037 | Lair:1   | Reached skill level 5 in Evocations
 13344 | Lair:2   | XOM: polymorph water moccasin -> polar bear
 13353 | Lair:2   | XOM: potion effect (might)
 13353 | Lair:2   | Xom revived you
 13364 | Lair:2   | XOM: divine lightning
 13890 | D:1      | XOM: silly message
 14046 | D:1      | XOM: divination: detect creatures
 14365 | D:1      | XOM: silly message
 14740 | D:1      | XOM: silly message
 14915 | D:1      | XOM: cloud trail
 15129 | D:1      | XOM: silly message
 15764 | D:1      | XOM: noise
 15789 | D:1      | XOM: summons 7 hostile demons
 16135 | D:1      | XOM: summons 3 hostile shadow creatures
 16258 | D:1      | XOM is BORED!
 18083 | D:1      | XOM: give mutation
 18083 | D:1      | Gained mutation: You expend magic power (3 MP) to
                  | strengthen your wands. [Xom's grace]
 19164 | D:1      | XOM: scenery: 1 doors close
 19217 | D:1      | XOM: silly message
 20024 | D:1      | XOM is BORED!
 20024 | D:1      | XOM: give mutations
 20024 | D:1      | Gained mutation: You are partially covered in iridescent
                  | scales. (AC +2) [Xom's mischief]
 20024 | D:1      | Gained mutation: You are somewhat resistant to both further
                  | mutation and mutation removal. [Xom's mischief]
 20347 | Lair:2   | XOM: silly message
 20457 | Lair:2   | Noticed Maggie
 20459 | Lair:2   | Killed Maggie
 20510 | Lair:2   | XOM: blink monster(s)
 20740 | Lair:2   | XOM: blink monster(s)
 20741 | Lair:2   | XOM: divination: magic mapping
 20758 | Lair:2   | XOM: give mutation
 20758 | Lair:2   | Lost mutation: You occasionally shout uncontrollably at
                  | your foes. [Xom's mischief]
 20764 | Lair:2   | XOM: enchant monster (good)
 20771 | Lair:2   | XOM: god gift: potion of curing
 20978 | Lair:2   | XOM: polymorph basilisk -> glowing shapeshifter
 20982 | Lair:2   | XOM: smoke on damage
 20989 | Lair:2   | XOM: summons friendly hellwing
 20991 | Lair:2   | Reached skill level 5 in Shapeshifting
 21387 | Lair:2   | Reached XP level 13. HP: 88/88 MP: 13/13
 21708 | Lair:3   | XOM: potion effect (invisibility)
 21745 | Lair:3   | Found a hole to the Spider Nest.
 21745 | Lair:3   | XOM: 5-stop teleportation journey
 21817 | Lair:3   | XOM: summons friendly crimson imp
 21843 | Lair:3   | Noticed Gastronok
 21852 | Lair:3   | XOM: summons 13 friendly demons
 21855 | Lair:3   | Killed Gastronok
 21907 | Lair:3   | XOM: summons 2 hostile shadow creatures
 22143 | Lair:3   | HP: 1/86 [something (11)]
 22144 | Lair:3   | Engulfed by a cloud of spectral mist

Illustrated notes

Levels and vault maps discovered:
D:1:      minmay_arrival_split_and_join, layout_basic, minivault_14,
          ebering_dispersal_statue_hall, st_stairs_8,
          chequers_serial_rivers_micro_b, corexii_corridor_pit, hex_tiny,
          minivault_24
D:2:      layout_loops_ring, serial_shops, shop, amethyst_killhole,
          uniq_terence, uniq_sigmund
D:3:      corexii_shack_village, layout_rooms,
          mainiacjoe_overflow_cross_hatched, nicolae_uskayaw_dance_hall,
          kennysheep_pointless_box, uniq_robin
D:4:      layout_layer_cave, elyvilon_altar_3, serial_shops,
          nicolae_shop_crystal
D:5:      layout_loops_cross, minmay_fountain_box,
          minmay_misc_feat_secret_circle, st_stairs_14,
          minmay_fractal_squares_diagonal_5
D:6:      layout_rooms, serial_shops, shop, uniq_duvessa
D:7:      old_forge, layout_layer_cave, lemuel_blue_sif_altar,
          general_overflow_altar, minmay_temple_entry_trees, grunt_tough_drop
D:8:      layout_rooms, mainiacjoe_overflow_concentric_impassable, serial_ice,
          serial_ice_n, serial_ice_j, serial_ice_b, serial_ice_e, serial_ice_f,
          serial_ice_m, serial_shops, shop, nicolae_specific_store,
          minivault_12, uniq_pikel
D:9:      layout_long_grid, ashenzari_altar_1, nrook_pool_corridor,
          corexii_checkpoint_b
D:10:     erik_rubicon_b, layout_small_grid,
          nicolae_gozag_cash_rules_everything_around_me, lair_entry_dummy,
          serial_shops, nicolae_diamond_shop
D:11:     layout_rooms, orc_0_dummy
Lair:1:   layout_cave_pods, serial_bayou_shore_a
Lair:2:   beast_lair_carwin_large_1, layout_regular_city,
          nicolae_volcano_entry_hallway, chequers_serial_rivers_small_a,
          uniq_maggie
Lair:3:   layout_cave_shapes, nicolae_swamp_entry_spooky,
          spider_nest_entry_rubble, dreamdust_mushroom_princess,
          grunt_megastairs_4, uniq_gastronok

Skill      XL: |  1  2  3  4  5  6  7  8  9 10 11 12 13 |
---------------+----------------------------------------+-----
Fighting       | 4 5 6 7 8 |  8.4
Short Blades   | 4 5 6 8 10 11 12 13 | 13.6
Dodging        | 3 4 5 6 7 8 |  8.1
Stealth        | 2 3 5 7 8 9 10 11 12 | 12.6
Shields        | 1 2 4 5 6 |  6.8
Evocations     | 2 4 6 7 |  7.0
Shapeshifting  | 1 3 5 |  5.9

Action                     |  1- 3 |  4- 6 |  7- 9 | 10-12 | 13-15 || total
---------------------------+-------+-------+-------+-------+-------++-------
  Melee: Short sword       |    59 |    13 |       |       |       ||    72
         Constrict         |    19 |    18 |    59 |    76 |     5 ||   177
         Tentacles         |    12 |    15 |    61 |   240 |    38 ||   366
         Punch             |     1 |       |     6 |    13 |     1 ||    21
         Quick blade       |       |    53 |   294 |   820 |   106 ||  1273
         Kick              |       |    18 |   107 |   378 |    53 ||   556
  Evoke: Wand              |       |       |       |     1 |       ||     1
    Use: Scroll            |       |       |     6 |    12 |     2 ||    20
         Potion            |       |       |       |     2 |     1 ||     3
   Stab: Sleeping          |     3 |     9 |    12 |    20 |    11 ||    55
         Distracted        |       |       |     1 |     3 |     1 ||     5
         Confused          |       |       |       |     5 |       ||     5
         Fleeing           |       |       |       |     1 |       ||     1
         Paralysed         |       |       |       |     2 |       ||     2
         Invisible         |       |       |       |       |     1 ||     1
 Armour: Skin              |    21 |    24 |    59 |   200 |    18 ||   322
  Dodge: Dodged            |    34 |    32 |    84 |   193 |    19 ||   362
  Block: Other             |       |     7 |    21 |       |       ||    28
         Kite shield       |       |       |    18 |   211 |    20 ||   249

Table legend: (Time is in decaauts)
 A = Elapsed time spent in this place.
 B = Non-inter-level travel time spent in this place.
 C = Inter-level travel time spent in this place.
 D = Time resting spent in this place.
 E = Time spent auto-exploring this place.
 F = Levels seen in this place.
 G = Mean time per level.
                   A        B        C        D        E       F      G
               +--------+--------+--------+--------+--------+-----+--------+
         Total |  22019 |  21248 |    771 |  10698 |   8438 |  14 | 1572.8 |
       Dungeon |  18545 |  17861 |    684 |  10033 |   6365 |  11 | 1685.9 |
          Lair |   3474 |   3388 |     86 |    665 |   2073 |   3 | 1158.0 |
               +--------+--------+--------+--------+--------+-----+--------+

Top non-repeatable levels by time:
     D:1: 9088 daAuts
    D:10: 1584 daAuts
  Lair:2: 1410 daAuts
  Lair:1: 1379 daAuts
     D:2: 1325 daAuts
     D:4: 1242 daAuts
     D:7: 1187 daAuts
     D:8: 1101 daAuts
     D:9: 1080 daAuts
     D:3: 705 daAuts
  Lair:3: 684 daAuts
     D:5: 639 daAuts
     D:6: 422 daAuts
    D:11: 165 daAuts
